[Event "January 9 Early 2024"]
[Site "https://www.chess.com"]
[Date "2024.01.11"]
[Round "1"]
[White "Rajdeep Sarkar"]
[Black "Kadric, Denis"]
[Result "0-1"]
[Board "269"]
[TimeControl "180+1"]
[WhiteFideId "25007963"]
[BlackFideId "14403803"]
[WhiteElo "2473"]
[BlackElo "2904"]
[WhiteTeam "IND"]
[BlackTeam "MNE"]
[WhiteClock "0:00:01"]
[BlackClock "0:00:10"]

1. Nf3 d6 2. d4 Nf6 3. c4 Nbd7 4. g3 e5 5. Bg2 c6 6. O-O e4 7. Ne1 d5 8. Nc3 Be7 9. f3 exf3 10. Nxf3 O-O 11. Bf4 Re8 12. Ne5 Nb6 13. c5 Nbd7 14. e4 dxe4 15. Nxf7 Kxf7 16. Qb3+ Kf8 17. Nxe4 Nxe4 18. Bc7+ Ndf6 19. Bxd8 Bxd8 20. Rae1 Ng5 21. Rxe8+ Kxe8 22. Qe3+ Ne6 23. Bh3 Kf7 24. g4 h6 25. g5 Nxg5 26. Bxc8 Rxc8 27. h4 Ne6 28. Re1 Nf8 29. Qb3+ Nd5 30. Qxb7+ Rc7 31. Qb8 Be7 32. Rf1+ Bf6 33. Re1 Ne6 34. Qa8 Bxd4+ 35. Kg2 Bxc5 36. Rf1+ Nf6 37. a3 Be7 38. Qb8 Rd7 39. Qb3 Rd5 40. Rf3 a5 41. Qc3 Rc5 42. Qc2 Bd6 43. Qe2 Nf4+ 44. Rxf4 Bxf4 45. Qf3 Be5 46. Qb3+ Rd5 47. Qa4 Bxb2 48. Qxc6 Bxa3 0-1

[Event "January 9 Early 2024"]
[Site "https://www.chess.com"]
[Date "2024.01.11"]
[Round "1"]
[White "Franchini, Gabriele"]
[Black "Cori T., Deysi"]
[Result "0-1"]
[Board "270"]
[TimeControl "180+1"]
[WhiteFideId "806790"]
[BlackFideId "3801934"]
[WhiteElo "2227"]
[BlackElo "2601"]
[WhiteTeam "ITA"]
[BlackTeam "PER"]
[WhiteClock "0:00:06"]
[BlackClock "0:00:08"]

1. e4 g6 2. Nc3 Bg7 3. Bc4 e6 4. h4 h6 5. h5 g5 6. d3 Ne7 7. f4 d5 8. Bb3 dxe4 9. Nxe4 gxf4 10. Bxf4 Nd5 11. Bd2 Bxb2 12. Rb1 Bg7 13. Nf3 Rg8 14. O-O Nc6 15. Qc1 Nd4 16. Qe1 Nf5 17. Ba4+ c6 18. Ba5 Qe7 19. c4 Nde3 20. Rf2 Ng4 21. Bb4 Qc7 22. Re2 Bd4+ 23. Kf1 Nge3+ 24. Rxe3 Nxe3+ 25. Ke2 Rxg2+ 26. Nf2 Nc2 27. Bxc2 Rxf2+ 28. Kd1 Rxf3 29. Qh4 c5 30. Be1 Qe7 31. Qg4 Rf1 32. Ke2 Rg1 33. Qf3 Qf6 34. Ba4+ Kf8 35. Qxf6 Bxf6 36. d4 Bxd4 37. Rb3 Rg4 38. Rf3 f5 39. Bd2 Ke7 40. Rf1 Re4+ 41. Kd1 Bd7 42. Kc2 Bxa4+ 43. Kb1 Rg4 44. Kc1 Bc6 45. Rd1 Be4 46. Re1 Rg2 47. Kd1 Bd3 48. Rf1 Bxc4 49. Rf4 Be2+ 50. Ke1 Rag8 0-1

[Event "January 9 Early 2024"]
[Site "https://www.chess.com"]
[Date "2024.01.11"]
[Round "1"]
[White "Davidson, Kevin"]
[Black "Kollars, Dmitrij"]
[Result "0-1"]
[Board "271"]
[TimeControl "180+1"]
[WhiteFideId "2056810"]
[BlackFideId "12909572"]
[WhiteElo "2515"]
[BlackElo "3003"]
[WhiteTeam "USA"]
[BlackTeam "GER"]
[WhiteClock "0:00:01"]
[BlackClock "0:00:08"]

1. e4 e5 2. Nf3 Nc6 3. Bb5 a6 4. Ba4 Nf6 5. O-O Bc5 6. c3 b5 7. Bb3 d6 8. a4 Bg4 9. d3 Na5 10. Bc2 b4 11. Be3 O-O 12. Nbd2 Rb8 13. Re1 Re8 14. h3 Bxe3 15. fxe3 Be6 16. d4 Bd7 17. Bd3 Qc8 18. Qe2 bxc3 19. bxc3 Ra8 20. Nh4 c5 21. Rf1 Qd8 22. Qf2 Qe7 23. Nf5 Bxf5 24. Qxf5 Nc6 25. d5 Na5 26. Rab1 Qc7 27. Rf3 c4 28. Be2 Re7 29. Rg3 Nd7 30. Rf1 g6 31. Qg5 f6 32. Qh6 Qd8 33. Nf3 Qf8 34. Qh4 Qg7 35. Rg4 Nc5 36. Qf2 Rf8 37. Nd2 Nxa4 38. Nxc4 Nxc4 39. Bxc4 Nc5 40. h4 Qh6 41. Qg3 Ref7 42. Rb1 f5 43. exf5 Rxf5 44. Rb6 R5f6 45. Rc6 a5 46. Rc7 R6f7 47. Rc6 Rf6 48. Rc7 R8f7 49. Rc8+ Kg7 50. Rg5 Rf5 51. Rxf5 Rxf5 52. Ra8 a4 53. Ra7+ Rf7 54. Ra5 Qh5 55. Bb5 Qf5 56. Bc6 Ne4 0-1

[Event "January 9 Early 2024"]
[Site "https://www.chess.com"]
[Date "2024.01.11"]
[Round "1"]
[White "Reprintsev, Alexander"]
[Black "Klekowski, Maciej"]
[Result "0-1"]
[Board "272"]
[TimeControl "180+1"]
[WhiteFideId "14100541"]
[BlackFideId "1132717"]
[WhiteElo "2465"]
[BlackElo "2860"]
[WhiteTeam "UKR"]
[BlackTeam "POL"]
[WhiteClock "0:00:02"]
[BlackClock "0:00:11"]

1. e4 c5 2. b3 Nc6 3. Bb2 Nf6 4. e5 Nd5 5. Nf3 g6 6. Ng5 f6 7. Bc4 fxg5 8. Bxd5 Bg7 9. Qe2 Nd4 10. Bxd4 cxd4 11. O-O Qa5 12. c4 e6 13. Be4 Qxe5 14. d3 O-O 15. Nd2 h5 16. Nf3 Qf6 17. h3 Rd8 18. c5 Rb8 19. Rac1 Bh6 20. Rc4 d5 21. cxd6 Rxd6 22. Rc7 Rd7 23. Rfc1 Rd8 24. R1c4 e5 25. Qc2 Be6 26. Rb4 g4 27. hxg4 hxg4 28. Nh2 g3 29. fxg3 Rf8 30. Bf3 Be3+ 31. Kh1 Rf7 32. Rxf7 Qxf7 33. Rb5 Rc8 34. Rc5 Qd7 35. Rxc8+ Qxc8 36. Qxc8+ Bxc8 37. g4 Kf7 38. Nf1 Bf4 39. g3 Bc1 40. Kg2 b6 41. Kf2 Kf6 42. Ke2 Kg5 43. Be4 Bxg4+ 44. Kf2 Bh3 45. Ke2 Bg4+ 46. Kf2 Bf5 47. Bxf5 gxf5 48. Nh2 e4 49. Ke2 Be3 50. a4 a6 51. b4 b5 52. axb5 axb5 53. Nf1 Bc1 0-1

[Event "January 9 Early 2024"]
[Site "https://www.chess.com"]
[Date "2024.01.11"]
[Round "1"]
[White "Perez Gormaz, Matias"]
[Black "Bregu, Riza"]
[Result "0-1"]
[Board "273"]
[TimeControl "180+1"]
[WhiteFideId "3406342"]
[BlackFideId "4701739"]
[WhiteElo "2686"]
[BlackElo "2385"]
[WhiteTeam "CHI"]
[BlackTeam "ALB"]
[WhiteClock "0:00:03"]
[BlackClock "0:00:14"]

1. d4 d5 2. Bf4 e6 3. e3 Bd6 4. Bg3 Nf6 5. Nf3 Ne4 6. Nbd2 f5 7. c4 c6 8. Qb3 O-O 9. Bd3 a5 10. a3 a4 11. Qa2 Nxd2 12. Kxd2 f4 13. exf4 Bxf4+ 14. Ke2 Qf6 15. Qb1 h6 16. Bxf4 Qxf4 17. Qc1 Qf6 18. Qe3 c5 19. cxd5 exd5 20. Qe5 Qf7 21. Qg3 Nc6 22. dxc5 Bf5 23. Bxf5 Rae8+ 24. Kd2 Qxf5 25. Rhe1 Na5 26. Rad1 Nc4+ 27. Kc1 Qc8 28. Rxd5 Na5 29. Kb1 Nb3 30. Rde5 Rxe5 31. Rxe5 Qd7 32. Ka2 Nc1+ 33. Kb1 Nb3 34. Ka2 Qd1 35. Re1 Qd5 36. Qe5 Qxe5 37. Rxe5 Rd8 38. Re1 Nxc5 39. h4 Nb3 40. Kb1 Rc8 41. Ka2 Rc2 42. Rf1 Re2 43. Kb1 b5 44. h5 Kf7 45. Ka2 Kf6 46. Kb1 Kf5 47. Rd1 Rxf2 48. Rd5+ Kg4 49. Rxb5 Rxg2 50. Ne5+ Kxh5 51. Nc4+ Kh4 52. Nb6 Rg1+ 53. Kc2 Nd4+ 54. Kd3 Nxb5 55. Nxa4 Nxa3 0-1

[Event "January 9 Early 2024"]
[Site "https://www.chess.com"]
[Date "2024.01.11"]
[Round "1"]
[White "Potkin, Vladimir"]
[Black "Carre, Sylvain"]
[Result "0-1"]
[Board "274"]
[TimeControl "180+1"]
[WhiteFideId "4131061"]
[BlackFideId "642118"]
[WhiteElo "2663"]
[BlackElo "2371"]
[WhiteTeam "RUS"]
[BlackTeam "FRA"]
[WhiteClock "0:00:12"]
[BlackClock "0:00:10"]

1. Nf3 d5 2. e3 Bf5 3. c4 c6 4. cxd5 cxd5 5. Qb3 Bc8 6. Nc3 e6 7. Bb5+ Bd7 8. d4 Nf6 9. Ne5 Nc6 10. Bd2 Nxe5 11. dxe5 Ng4 12. f4 Bc5 13. Na4 Bxe3 14. Bxe3 Nxe3 15. Nc5 Qa5+ 16. Ke2 Bxb5+ 17. Kxe3 O-O 18. Rhd1 Bc4 19. Qa3 Qxa3+ 20. bxa3 b6 21. Nb7 f6 22. Nd6 fxe5 23. fxe5 b5 24. a4 a6 25. a5 Rab8 26. a3 h6 27. Rab1 g5 28. Kd4 Rf4+ 29. Kc5 Rf2 30. g4 Rxh2 31. Kc6 Rg2 32. Kc7 Rf8 33. Rd4 Rf4 34. Rbd1 Rgxg4 35. Rxf4 Rxf4 36. Kb7 h5 37. Kxa6 b4+ 38. Nxc4 Rxc4 39. Kb5 bxa3 40. a6 Rc8 41. Kb6 Kg7 42. Kb7 Rh8 43. a7 h4 44. Rd3 Kg6 45. Rxa3 Rh7+ 46. Kc6 Rxa7 47. Rxa7 g4 48. Kd6 h3 49. Ra2 Kg5 50. Kxe6 g3 51. Kxd5 h2 52. Ra1 g2 53. e6 h1=Q 54. Ra4 g1=Q+ 55. Kd6 Qhh2+ 56. Kd7 Qd1+ 57. Ke8 Qdd6 0-1

[Event "January 9 Early 2024"]
[Site "https://www.chess.com"]
[Date "2024.01.11"]
[Round "1"]
[White "Vakhidov, Shahzod"]
[Black "Terry, Renato"]
[Result "0-1"]
[Board "275"]
[TimeControl "180+1"]
[WhiteFideId "14205270"]
[BlackFideId "3803457"]
[WhiteElo "2513"]
[BlackElo "2993"]
[WhiteTeam "UZB"]
[BlackTeam "PER"]
[WhiteClock "0:00:03"]
[BlackClock "0:00:05"]

1. d4 e6 2. Nf3 Nf6 3. g3 b6 4. Bg2 Bb7 5. O-O g6 6. c4 Bg7 7. Nc3 Ne4 8. Nxe4 Bxe4 9. Be3 d6 10. Qc1 h6 11. Rd1 Nd7 12. Ne1 Bxg2 13. Nxg2 Nf6 14. c5 Qd7 15. a4 Rb8 16. a5 b5 17. Bf4 g5 18. Bd2 Ne4 19. Be1 g4 20. Nf4 h5 21. Qe3 d5 22. f3 Ng5 23. Nd3 Nh3+ 24. Kg2 f6 25. Nf4 Nxf4+ 26. Qxf4 f5 27. Bf2 Kf7 28. h4 gxh3+ 29. Kxh3 Bh6 30. Qe5 Rbg8 31. e4 fxe4 32. fxe4 dxe4 33. Rf1 Ke8 34. Qxe4 Rg4 35. Qa8+ Qd8 36. Qc6+ Qd7 37. Qa8+ Qd8 38. Qc6+ Ke7 39. Rae1 Qd7 40. Qg2 c6 41. Be3 Bxe3 42. Rxe3 Rhg8 43. Rfe1 R8g6 44. Qf2 h4 45. gxh4 Qd5 46. Qf3 Rxh4+ 47. Kxh4 Qg5+ 48. Kh3 Rh6+ 0-1

[Event "January 9 Early 2024"]
[Site "https://www.chess.com"]
[Date "2024.01.11"]
[Round "1"]
[White "Van Kooten, Luuk"]
[Black "Kantans, Toms"]
[Result "0-1"]
[Board "276"]
[TimeControl "180+1"]
[WhiteFideId "1006533"]
[BlackFideId "11602945"]
[WhiteElo "2280"]
[BlackElo "2633"]
[WhiteTeam "NED"]
[BlackTeam "LAT"]
[WhiteClock "0:00:02"]
[BlackClock "0:00:02"]

1. d4 Nf6 2. c4 g6 3. Nc3 d5 4. Nf3 Bg7 5. Qb3 dxc4 6. Qxc4 O-O 7. e4 Na6 8. Be2 c5 9. d5 e6 10. O-O exd5 11. exd5 Re8 12. Rd1 Bf5 13. d6 Ne4 14. d7 Re6 15. Nxe4 Rxe4 16. Bg5 Bf6 17. Bxf6 Qxf6 18. Qc3 Qe7 19. Bd3 Re6 20. Bxf5 gxf5 21. Qd3 Rd8 22. a3 Nb8 23. Qxf5 Rxd7 24. Rxd7 Nxd7 25. h4 h6 26. Qf4 Qd6 27. Qa4 Qc6 28. Qxa7 Rg6 29. h5 Rg4 30. Kh1 Nf6 31. Qb8+ Kh7 32. Qe5 Ne4 33. Qf5+ Kh8 34. Rf1 Qe6 35. Qxe6 fxe6 36. Kg1 Nf6 37. Re1 Nxh5 38. Rxe6 Rxg2+ 39. Kf1 Nf4 40. Rxh6+ Kg7 41. Rb6 Rg6 42. Rxb7+ Kf8 43. Rb8+ Ke7 44. Rc8 Kd6 45. a4 Rg7 46. a5 Ra7 47. Rd8+ Kc6 48. Rf8 Nd5 49. Rh8 Nb4 50. Rh6+ Kb5 51. a6 Rxa6 52. Ne5 Rxh6 0-1

[Event "January 9 Early 2024"]
[Site "https://www.chess.com"]
[Date "2024.01.11"]
[Round "1"]
[White "Andreikin, Dmitry"]
[Black "Mortazavi, Ali"]
[Result "0-1"]
[Board "277"]
[TimeControl "180+1"]
[WhiteFideId "4158814"]
[BlackFideId "401323"]
[WhiteElo "3107"]
[BlackElo "2549"]
[WhiteTeam "FID"]
[BlackTeam "ENG"]
[WhiteClock "0:00:02"]
[BlackClock "0:00:14"]

1. d4 Nf6 2. c4 g6 3. Nc3 Bg7 4. e4 O-O 5. h3 d6 6. Be3 c5 7. Nf3 Nc6 8. d5 Na5 9. Bd3 e5 10. O-O Nh5 11. a3 b6 12. b4 Nb7 13. Bc2 f5 14. Ba4 f4 15. Bd2 Rf7 16. Bc6 h6 17. bxc5 dxc5 18. a4 Rb8 19. Bxb7 Rbxb7 20. a5 bxa5 21. Nb5 g5 22. Bxa5 Qf6 23. Bc3 g4 24. Nxe5 f3 25. Nxf7 Qxf7 26. Nd6 Qg6 27. Nxc8 Bxc3 28. hxg4 fxg2 29. Re1 Nf4 30. Qf3 Qg5 31. Qg3 Bxa1 32. Nd6 Rb1 33. Rxb1 Ne2+ 34. Kxg2 Nxg3 35. Rb8+ Kh7 36. Rb7+ Bg7 37. fxg3 Qxg4 38. Rxa7 Qe2+ 39. Kh3 Qh5+ 40. Kg2 Qe2+ 41. Kh3 Qf1+ 42. Kh2 Kg6 43. Nf5 Bd4 44. d6 Bg1+ 45. Kh1 Be3+ 46. Kh2 Bg1+ 47. Kh1 Bf2+ 48. Kh2 Qg1+ 49. Kh3 Qh1+ 50. Kg4 Qxe4+ 51. Kh3 Qxf5+ 52. Kg2 Bd4 53. d7 Qf2+ 54. Kh3 Qf1+ 55. Kh4 h5 56. Ra6+ Kf5 57. d8=Q Qh1# 0-1

[Event "January 9 Early 2024"]
[Site "https://www.chess.com"]
[Date "2024.01.11"]
[Round "1"]
[White "Llorente Zaro, Alfonso"]
[Black "Mrithyunjay Mahadevan"]
[Result "0-1"]
[Board "278"]
[TimeControl "180+1"]
[WhiteFideId "2254131"]
[BlackFideId "45003521"]
[WhiteElo "2709"]
[BlackElo "2433"]
[WhiteTeam "ESP"]
[BlackTeam "IND"]
[WhiteClock "0:00:05"]
[BlackClock "0:00:19"]

1. c4 g6 2. Nc3 Bg7 3. Nf3 e5 4. d4 exd4 5. Nxd4 Nc6 6. Nxc6 dxc6 7. Qxd8+ Kxd8 8. Bd2 Be6 9. e3 Ne7 10. Be2 Nf5 11. O-O-O Ke7 12. g3 Nd6 13. b3 a6 14. Kc2 b5 15. c5 Nb7 16. Ne4 Bf5 17. Bd3 Rad8 18. f3 Rd5 19. b4 Rhd8 20. Bc1 h5 21. h3 a5 22. a3 axb4 23. axb4 Be6 24. Nc3 R5d7 25. Be4 Rxd1 26. Nxd1 Bd5 27. Nf2 f5 28. Bxd5 cxd5 29. h4 Ra8 30. Kb3 Nd8 31. Nd3 Nc6 32. Bb2 Bxb2 33. Kxb2 Kf6 34. Kb3 Ne5 35. Nf4 c6 36. Ne2 Nxf3 37. Rd1 Re8 38. Rd3 Re4 39. Kc3 Ne5 40. Nd4 Nxd3 41. Kxd3 Re6 42. Ke2 Ke5 43. Nf3+ Kf6 44. Nd4 Ke7 45. Kf3 Rf6 46. Kf4 Kf7 47. Ke5 Ke7 48. Kf4 Re6 49. Nxe6 Kxe6 50. Kg5 Kf7 51. Kh6 Kf6 52. Kh7 g5 53. Kh6 gxh4 54. gxh4 f4 0-1

[Event "January 9 Early 2024"]
[Site "https://www.chess.com"]
[Date "2024.01.11"]
[Round "1"]
[White "Zheenbekov, Nurgazy"]
[Black "Finek, Vaclav"]
[Result "0-1"]
[Board "279"]
[TimeControl "180+1"]
[WhiteFideId "13800485"]
[BlackFideId "23718293"]
[WhiteElo "2446"]
[BlackElo "2826"]
[WhiteTeam "KGZ"]
[BlackTeam "CZE"]
[WhiteClock "0:00:01"]
[BlackClock "0:00:10"]

1. d4 d5 2. Nf3 Nf6 3. c4 c6 4. e3 e6 5. Qc2 Nbd7 6. Nc3 Bd6 7. a4 O-O 8. Bd3 dxc4 9. Bxc4 b6 10. O-O Bb7 11. Rd1 Qe7 12. e4 e5 13. Bg5 h6 14. Bh4 c5 15. d5 Rfe8 16. Bg3 a6 17. Nh4 g6 18. Qd2 Kg7 19. Rf1 Rad8 20. Rae1 Nh5 21. Nd1 Kh7 22. Ne3 Ndf6 23. Qd3 Ra8 24. Qd2 Qd7 25. Qc2 b5 26. Be2 c4 27. Bxh5 Nxh5 28. Qc1 Nf4 29. h3 h5 30. Nf3 Nd3 31. Qd2 Bb4 32. Qd1 Bxe1 33. Nxe1 Nxe1 34. Qxe1 f6 35. Bh2 Kg7 36. Qd2 Rac8 37. Nc2 Qd6 38. f4 exf4 39. Bxf4 Qc5+ 40. Be3 Qe7 41. Bd4 Rf8 42. Bc3 Qxe4 43. d6 Qd5 44. Nd4 Rcd8 45. Re1 Rxd6 46. Re7+ Rf7 47. Rxf7+ Kxf7 48. Qe2 Qe4 49. Qf2 b4 50. Bxb4 Rxd4 0-1

[Event "January 9 Early 2024"]
[Site "https://www.chess.com"]
[Date "2024.01.11"]
[Round "1"]
[White "Garkauskas, Otto Dmitry"]
[Black "Krallis, Christos"]
[Result "0-1"]
[Board "280"]
[TimeControl "180+1"]
[WhiteFideId "2129523"]
[BlackFideId "4298896"]
[WhiteElo "2349"]
[BlackElo "2677"]
[WhiteTeam "BRA"]
[BlackTeam "GRE"]
[WhiteClock "0:00:01"]
[BlackClock "0:00:21"]

1. d4 b6 2. c4 Bb7 3. Nc3 Nf6 4. f3 d5 5. cxd5 Nxd5 6. e4 Nxc3 7. bxc3 g6 8. Bd3 Bg7 9. Ne2 O-O 10. Be3 Nd7 11. O-O c5 12. a4 cxd4 13. cxd4 Rc8 14. Rc1 Rxc1 15. Qxc1 Nc5 16. Bb5 Ne6 17. Rd1 Nc7 18. Bc4 Ne8 19. Qa3 Nd6 20. Ba2 Ba6 21. Nf4 e5 22. dxe5 Bxe5 23. a5 Qf6 24. axb6 Bxf4 25. Bxf4 Qxf4 26. Qxa6 Qe3+ 27. Kh1 axb6 28. h3 Rc8 29. Qa7 Qf4 30. Qd7 Rc1 31. Rxc1 Qxc1+ 32. Kh2 Qf4+ 33. Kh1 Qc1+ 34. Kh2 Qc5 35. f4 Qa3 36. e5 Qxa2 37. Qd8+ Kg7 38. Qf6+ Kg8 39. exd6 Qd2 40. Kg3 Qe1+ 41. Kg4 Qe2+ 42. Kg3 Qe1+ 43. Kh2 Qd2 44. Qe5 h5 45. f5 gxf5 46. Qe7 Qf4+ 47. Kh1 Qc1+ 48. Kh2 Qc5 49. Qg5+ Kf8 50. Qd8+ Kg7 51. Qg5+ Kh7 52. Qxh5+ Kg8 53. Qg5+ Kh8 54. Qh5+ Kg8 55. Qg5+ Kf8 56. d7 Qd6+ 57. Kg1 Qxd7 0-1

[Event "January 9 Early 2024"]
[Site "https://www.chess.com"]
[Date "2024.01.11"]
[Round "1"]
[White "Goltseva, Ekaterina"]
[Black "Vela Frago, Alberto"]
[Result "1-0"]
[Board "281"]
[TimeControl "180+1"]
[WhiteFideId "24173770"]
[BlackFideId "24531685"]
[WhiteElo "2607"]
[BlackElo "2236"]
[WhiteTeam "RUS"]
[BlackTeam "ESP"]
[WhiteClock "0:00:04"]
[BlackClock "0:00:03"]

1. Nf3 d5 2. d4 Nf6 3. c4 e6 4. g3 dxc4 5. Bg2 Nbd7 6. O-O Rb8 7. a4 a5 8. Qc2 b6 9. Nbd2 Bb7 10. e4 Bb4 11. e5 Nd5 12. Nxc4 h6 13. Nfd2 Be7 14. Ne4 O-O 15. Bd2 c5 16. Ned6 cxd4 17. Nxb7 Rxb7 18. Rad1 Nc5 19. Bxh6 d3 20. Qc1 gxh6 21. Qxh6 Bg5 22. Qh5 Rd7 23. Qg4 Kh7 24. f4 Bh6 25. Qh5 Rg8 26. g4 Nxf4 27. Rxf4 Rg7 28. Rf6 Rg6 29. g5 Qg8 30. Rxg6 Qxg6 31. Qxh6+ Qxh6 32. gxh6 Kxh6 33. Nxb6 Rd4 34. Kf2 Nb3 35. Ke3 Rd8 36. Nc4 Nc5 37. Be4 Nxe4 38. Kxe4 d2 39. Rxd2 Rb8 40. Ke3 Rb4 41. Nd6 Rb3+ 42. Ke2 Rb4 43. Nxf7+ Kg7 44. Nd8 Rxa4 45. Nxe6+ Kf7 46. Nc5 Rb4 47. Ke3 Rb5 48. Rc2 Ke7 49. Kd4 Rb4+ 50. Kd5 a4 51. Rg2 Rh4 52. Rg7+ Kf8 53. Ne6+ Ke8 54. Kd6 1-0

[Event "January 9 Early 2024"]
[Site "https://www.chess.com"]
[Date "2024.01.11"]
[Round "1"]
[White "Kazakouski, Valery"]
[Black "Spitzl, Vinzent"]
[Result "1-0"]
[Board "282"]
[TimeControl "180+1"]
[WhiteFideId "13507443"]
[BlackFideId "12901253"]
[WhiteElo "2836"]
[BlackElo "2456"]
[WhiteTeam "LTU"]
[BlackTeam "GER"]
[WhiteClock "0:00:20"]
[BlackClock "0:00:03"]

1. Nf3 d5 2. c4 e6 3. b3 Nf6 4. Bb2 Be7 5. g3 O-O 6. Bg2 c5 7. O-O Nc6 8. e3 d4 9. exd4 cxd4 10. Re1 Ne8 11. d3 f6 12. a3 a5 13. Nbd2 e5 14. Qc2 Nc7 15. Ne4 Be6 16. c5 Nd5 17. h4 Qd7 18. Nfd2 f5 19. Ng5 Bxg5 20. hxg5 f4 21. Nc4 f3 22. Bh1 Rf5 23. Bc1 Raf8 24. Nd6 Nc3 25. Bb2 Ne2+ 26. Rxe2 fxe2 27. Nxf5 Rxf5 28. Qxe2 Bxb3 29. Bc1 Bd5 30. Be4 Bxe4 31. Qxe4 Qf7 32. Qe2 Ne7 33. Bd2 Nd5 34. Rf1 Rf3 35. Kg2 Rf5 36. Qe4 g6 37. f3 Nc3 38. Qe1 Qb3 39. g4 Rf7 40. Qxe5 Qc2 41. Qe8+ Kg7 42. Qe5+ Kg8 43. Rf2 Nd1 44. Qe8+ Kg7 45. Re2 Ne3+ 46. Kf2 Nd1+ 47. Kg3 Ne3 48. Qe5+ Kg8 49. Qxd4 Nf1+ 50. Kf2 Nxd2 51. Re8+ Rf8 52. Qd5+ Kg7 53. Qe5+ Kg8 54. Qe6+ Kg7 55. Re7+ Kh8 56. Qe5+ Kg8 57. Qg7# 1-0

[Event "January 9 Early 2024"]
[Site "https://www.chess.com"]
[Date "2024.01.11"]
[Round "1"]
[White "Nouali, Mohamed"]
[Black "De Souza, Cristiano Gomes"]
[Result "1/2-1/2"]
[Board "283"]
[TimeControl "180+1"]
[WhiteFideId "5502462"]
[BlackFideId "2151758"]
[WhiteElo "2595"]
[BlackElo "2245"]
[WhiteTeam "TUN"]
[BlackTeam "BRA"]
[WhiteClock "0:00:03"]
[BlackClock "0:00:12"]

1. e4 c5 2. Nf3 d6 3. d4 cxd4 4. Nxd4 Nf6 5. Nc3 a6 6. Bc4 e6 7. Bb3 Be7 8. g4 Nc6 9. g5 Nd7 10. Bxe6 Nxd4 11. Bxd7+ Bxd7 12. Qxd4 Bxg5 13. Qxg7 Bf6 14. Qh6 Bxc3+ 15. bxc3 Qa5 16. Qf6 Rg8 17. Bf4 Rg6 18. Qh8+ Ke7 19. Qd4 Rc8 20. Kd2 Qc5 21. Rhg1 Qxd4+ 22. cxd4 Ba4 23. c3 Bc6 24. f3 Rcg8 25. Rg3 Rxg3 26. hxg3 f5 27. Kd3 fxe4+ 28. fxe4 d5 29. exd5 Bxd5 30. Re1+ Kd7 31. c4 Bf7 32. d5 Bg6+ 33. Kd4 Re8 34. Rxe8 Kxe8 35. a4 Kd7 36. a5 Bb1 37. Ke5 Bg6 38. c5 Bd3 39. Kd4 Bg6 40. g4 Bb1 41. g5 Bg6 42. Be5 Bh5 43. Bd6 Bg6 44. Ke5 Bh5 45. Bb8 Bg6 46. Ba7 Bh5 47. Bb6 Bg6 48. Kf6 Bh5 49. Kg7 Bg6 50. Kf6 Be4 51. Ke5 Bg6 52. Kd4 Bh5 53. Ke5 Bg6 1/2-1/2

[Event "January 9 Early 2024"]
[Site "https://www.chess.com"]
[Date "2024.01.11"]
[Round "1"]
[White "Yeremyan, Alen"]
[Black "Goncalves, Samuel Jesus P"]
[Result "1-0"]
[Board "284"]
[TimeControl "180+1"]
[WhiteFideId "13308998"]
[BlackFideId "1945130"]
[WhiteElo "2769"]
[BlackElo "2427"]
[WhiteTeam "ARM"]
[BlackTeam "POR"]
[WhiteClock "0:00:16"]
[BlackClock "0:00:13"]

1. e4 d5 2. exd5 Qxd5 3. Nc3 Qa5 4. Bc4 Nf6 5. d3 Bg4 6. f3 Bd7 7. Ne2 e6 8. O-O Nc6 9. Kh1 O-O-O 10. a3 Qh5 11. Be3 g5 12. b4 Bd6 13. Bg1 Ne5 14. Bb3 g4 15. Ng3 Qh4 16. f4 Ng6 17. Nce2 Bc6 18. Qe1 Rhe8 19. Be3 e5 20. Nf5 Qxe1 21. Nxd6+ cxd6 22. Raxe1 Nd5 23. Bxd5 Bxd5 24. Nc3 Bc6 25. b5 exf4 26. Bxf4 Rxe1 27. Rxe1 Nxf4 28. bxc6 bxc6 29. Rf1 Re8 30. g3 Ne2 31. Ne4 Re6 32. Rxf7 Nd4 33. Rxh7 d5 34. Nc5 Re2 35. h3 Nf3 36. hxg4 Rxc2 37. Ne6 Ra2 38. g5 Nxg5 39. Nxg5 Rxa3 40. Ne6 Rxd3 41. g4 Rg3 42. g5 a5 43. Ra7 a4 44. Kh2 Rg4 45. Kh3 Rg1 46. Rxa4 Kd7 47. Nf8+ Ke7 48. Ng6+ Kf7 49. Ne5+ Ke6 50. Nf3 Rf1 51. Kg2 Rb1 52. Ra6 Rc1 53. Kg3 Kf5 54. Ra8 Rc3 55. Rf8+ Kg6 56. Rf6+ Kg7 57. Kg4 c5 58. Nh4 d4 59. Nf5+ Kg8 60. g6 Rc1 61. Rd6 Rg1+ 62. Kh5 Rh1+ 63. Kg5 Rg1+ 64. Kf6 1-0

[Event "January 9 Early 2024"]
[Site "https://www.chess.com"]
[Date "2024.01.11"]
[Round "1"]
[White "Agrest, Inna"]
[Black "Cuenca Jimenez, Jose Fernando"]
[Result "0-1"]
[Board "285"]
[TimeControl "180+1"]
[WhiteFideId "1708830"]
[BlackFideId "2255570"]
[WhiteElo "2352"]
[BlackElo "2681"]
[WhiteTeam "SWE"]
[BlackTeam "ESP"]
[WhiteClock "0:00:04"]
[BlackClock "0:00:05"]

1. e4 d6 2. d4 Nf6 3. Nc3 e5 4. Nf3 Nbd7 5. g4 Nxg4 6. Rg1 Ngf6 7. Be3 c6 8. Bc4 h6 9. Bb3 b5 10. a3 Qa5 11. Bd2 Qc7 12. Qe2 a6 13. O-O-O Bb7 14. Kb1 Nb6 15. dxe5 dxe5 16. Be3 c5 17. Bd5 Nfxd5 18. Nxd5 Bxd5 19. exd5 O-O-O 20. Bc1 f6 21. Qe4 Qb7 22. Qf5+ Kb8 23. d6 Bxd6 24. Nh4 g5 25. Ng6 Qh7 26. h4 Bc7 27. Qxf6 Rhg8 28. h5 Kb7 29. Nxe5 Bxe5 30. Qxe5 Qc7 31. Qe4+ Qc6 32. Qe5 Rd7 33. Rge1 Rgd8 34. Rxd7+ Rxd7 35. f4 gxf4 36. Bxf4 Qc8 37. Qe4+ Ka7 38. Qg6 Nc4 39. Qxh6 Qb7 40. Qe6 Rh7 41. Qf5 Rf7 42. Qxc5+ Qb6 43. Bb8+ Kxb8 44. Re8+ Ka7 45. Qc8 Qb7 46. Qc5+ Nb6 47. h6 Rc7 48. Qe5 Rh7 49. Qc5 Qc7 50. Qf5 Rxh6 51. Qf8 Rh1+ 52. Ka2 Qc4+ 53. b3 Qxc2# 0-1

[Event "January 9 Early 2024"]
[Site "https://www.chess.com"]
[Date "2024.01.11"]
[Round "1"]
[White "Golubovic, Erik"]
[Black "Panda Sambit"]
[Result "1-0"]
[Board "286"]
[TimeControl "180+1"]
[WhiteFideId "14586908"]
[BlackFideId "25091794"]
[WhiteElo "2245"]
[BlackElo "2577"]
[WhiteTeam "CRO"]
[BlackTeam "IND"]
[WhiteClock "0:00:10"]
[BlackClock "0:00:02"]

1. d4 d5 2. c4 e6 3. Nf3 Nf6 4. g3 Bb4+ 5. Bd2 Be7 6. Bg2 O-O 7. O-O c6 8. Qb3 b6 9. cxd5 cxd5 10. Bb4 Ba6 11. Nc3 Nc6 12. Bxe7 Qxe7 13. Rfc1 Na5 14. Qd1 Rac8 15. Ne5 Nc4 16. Nxc4 Rxc4 17. e3 Qb7 18. Bf1 Rc7 19. Bxa6 Qxa6 20. Qe2 Qb7 21. Nb5 Rxc1+ 22. Rxc1 a6 23. Nc3 b5 24. a3 Rc8 25. Na2 Rc4 26. b3 Rxc1+ 27. Nxc1 Qc6 28. Qb2 Nd7 29. Nd3 Kf8 30. Kg2 Ke7 31. Qd2 f6 32. Qa5 Qd6 33. Nb4 Nb8 34. a4 Nc6 35. Nxc6+ Qxc6 36. axb5 axb5 37. Qa7+ Qd7 38. Qb6 Kf7 39. h4 e5 40. Qc5 h5 41. Qb6 e4 42. Qc5 Kg6 43. Qb6 Kf5 44. Qc5 Kg4 45. b4 Qf5 46. Qxb5 Qf3+ 47. Kg1 Qd1+ 48. Qf1 Qb3 49. Qe2+ Kh3 50. Qf1+ 1-0

[Event "January 9 Early 2024"]
[Site "https://www.chess.com"]
[Date "2024.01.11"]
[Round "1"]
[White "Huschenbeth, Niclas"]
[Black "Vachier-Lagrave, Maxime"]
[Result "0-1"]
[Board "287"]
[TimeControl "180+1"]
[WhiteFideId "24604747"]
[BlackFideId "623539"]
[WhiteElo "2534"]
[BlackElo "3179"]
[WhiteTeam "GER"]
[BlackTeam "FRA"]
[WhiteClock "0:00:01"]
[BlackClock "0:00:09"]

1. e4 c6 2. d4 d5 3. Nc3 dxe4 4. Nxe4 Nf6 5. Nxf6+ exf6 6. c3 Bd6 7. Bd3 O-O 8. Qc2 Re8+ 9. Ne2 h5 10. O-O Qc7 11. h3 Nd7 12. Ng3 Bxg3 13. fxg3 Nf8 14. Bf4 Qa5 15. b4 Qd5 16. Rae1 Rxe1 17. Rxe1 Be6 18. Re2 a5 19. Be4 Qd7 20. a3 axb4 21. axb4 Bc4 22. Rf2 Ra1+ 23. Bc1 Qe6 24. Kh2 Ra2 25. Bb2 Rxb2 26. Qxb2 Qxe4 27. Rf4 Qe6 28. Qf2 Nh7 29. Rf3 b5 30. Re3 Qd7 31. Qf4 Qd8 32. Qf3 Bd5 33. Qe2 Be6 34. Qxh5 Nf8 35. Qc5 Qd7 36. Qh5 g6 37. Qf3 Kg7 38. Qf4 Bd5 39. Qf2 Ne6 40. Qe1 Qa7 41. Re2 Qa3 42. Qd2 Qa1 43. Re1 Qa4 44. Re2 Qa8 45. Qe3 Qa1 46. Qd2 Qf1 47. Rf2 Qb1 48. Re2 Ng5 49. Re1 Qf5 50. Qe2 Ne4 51. Qe3 Qg5 52. Qxg5 fxg5 53. Re3 f5 54. Kg1 Kf6 55. Kf1 f4 56. gxf4 gxf4 57. Re1 Nxc3 58. Kf2 g5 59. Re8 Ne4+ 0-1